WCHLSIM.com - West Coast Hockey League
Dernière mise à jour: 2025-12-07 16:11:59
html PUBLIC "-//W3C//DTD XHTML 1.0 Transitional//EN" "http://www.w3.org/TR/xhtml1/DTD/xhtml1-transitional.dtd"> WCHL - Game 199 - VICTORIA GLADIATORS vs VANCOUVER VOODOO

VICTORIA GLADIATORS vs VANCOUVER VOODOO

Created - 12 novembre 2024 at 15:44

Goals
1 2 3 T
VICTORIA GLADIATORS 1 0 1 2
VANCOUVER VOODOO 1 0 0 1
Shots
1 2 3 T
VICTORIA GLADIATORS 7 15 15 37
VANCOUVER VOODOO 5 4 8 17

1st period

1. VANCOUVER VOODOO , Nick Bonino 2 (Braden Schneider 1) at 14:52
2. VICTORIA GLADIATORS , Mark Scheifele 7 (Mikael Granlund 7, Cam Fowler 2) at 18:39 (PP)

Penalties :
Noah Juulsen (VAN) for Roughing (Minor) at 9:49, Evander Kane (VAN) for Roughing (Minor) at 17:16

2nd period

No Goal

Penalties :
No Penalty

3rd period

3. VICTORIA GLADIATORS , Mikael Granlund 6 (Mark Scheifele 3, Artemi Panarin 7) at 8:24

Penalties :
Troy Stecher (VIC) for Hooking (Minor) at 2:09, Barclay Goodrow (VAN) for Slashing (Minor) at 4:53, Nils Hoglander (VAN) for Tripping (Minor) at 9:51

Goalie Stats

Jake Oettinger (VIC), 16 saves from 17 shots - (0,941), W, 7-3-3, 60:00 minutes
Samuel Montembeault (VAN), 35 saves from 37 shots - (0,946), L, 3-1-0, 58:30 minutes

Players Stats for VICTORIA GLADIATORS

Player Name              G  A  P  +/- PIM S  H  SB GA TA FO     MP     PP MP  PK MP  
------------------------------------------------------------------------------------
Adam Lowry               0  0  0   0  0   1  1  0  0  0  6/12   12:49   0:00   1:12 
Artemi Panarin           0  1  1   0  0   4  0  1  0  0  1/3    21:56   4:32   0:00 
Cam Fowler               0  1  1   0  0   1  1  2  0  0  0/0    23:57   3:54   0:50 
Conor Garland            0  0  0   0  0   0  0  0  0  0  0/1    14:46   2:48   1:12 
Daniel Sprong            0  0  0   0  0   0  0  0  0  0  1/1     5:54   0:00   0:00 
David Pastrnak           0  0  0   0  0   7  0  0  0  0  0/1    19:45   3:54   0:00 
Frank Vatrano            0  0  0   0  0   3  1  0  0  0  0/1    19:20   2:48   0:00 
Jake Evans               0  0  0   0  0   1  2  0  0  0  5/7     7:32   0:00   0:47 
Jan Rutta                0  0  0  -1  0   0  0  3  0  0  0/0    18:52   0:00   1:09 
Jordan Martinook         0  0  0   0  0   0  0  0  0  0  0/0     5:54   0:00   0:00 
Justin Faulk             0  0  0   0  0   1  1  0  0  0  0/0    22:39   3:26   0:00 
Mark Scheifele           1  1  2   0  0   5  2  0  0  0  15/21  21:56   4:32   0:00 
Mason Appleton           0  0  0   0  0   2  1  0  0  0  0/2    11:33   0:00   0:47 
Matt Duchene             0  0  0   0  0   3  1  0  0  0  11/18  18:34   2:48   0:00 
Mikael Granlund          1  1  2   0  0   7  1  1  0  0  0/0    21:56   4:32   0:00 
Nick Seeler              0  0  0   1  0   1  2  0  0  0  0/0    18:01   3:26   0:50 
Niko Mikkola             0  0  0  -1  0   1  1  3  0  0  0/0    18:52   0:00   1:09 
Troy Stecher             0  0  0   1  2   0  0  1  0  0  0/0    13:44   0:00   0:00 

Players Stats for VANCOUVER VOODOO

Player Name              G  A  P  +/- PIM S  H  SB GA TA FO     MP     PP MP  PK MP  
------------------------------------------------------------------------------------
Alex Newhook             0  0  0   0  0   1  0  0  0  0  1/1    18:36   0:46   1:20 
Barclay Goodrow          0  0  0   0  2   3  1  0  0  0  4/8    10:46   0:00   3:18 
Braden Schneider         0  1  1   0  0   1  3  1  0  0  0/0    19:44   1:13   0:51 
Brock Boeser             0  0  0   0  0   3  3  0  0  0  1/3    17:55   1:13   0:00 
Chris Tanev              0  0  0   0  0   0  2  1  0  0  0/0    22:39   0:00   3:57 
Damon Severson           0  0  0   0  0   0  2  2  0  0  0/0    19:25   1:13   1:26 
Evander Kane             0  0  0   1  2   0  0  0  0  0  0/1    11:03   0:46   0:00 
Joel Armia               0  0  0   1  0   0  0  1  0  0  0/0    10:18   0:00   0:00 
Jonathan Drouin          0  0  0  -1  0   3  0  1  0  0  0/1    18:31   1:13   0:00 
Jordan Harris            0  0  0   0  0   0  0  2  0  0  0/0    19:21   0:46   2:32 
Joshua Norris            0  0  0   0  0   2  2  0  0  0  7/16   19:19   1:13   1:31 
Nick Bonino              1  0  1   1  0   1  0  2  0  0  9/17   14:51   0:00   4:33 
Nicolas Hague            0  0  0   0  0   0  0  1  0  0  0/0    19:57   0:00   4:01 
Nils Hoglander           0  0  0   0  2   1  0  0  0  0  0/0     7:20   0:46   0:00 
Noah Juulsen             0  0  0   0  2   1  2  3  0  0  0/0    17:01   0:00   1:53 
Patrick Kane             0  0  0  -1  0   0  0  0  0  0  0/1    18:04   0:46   0:00 
Rafael Harvey-Pinard     0  0  0   0  0   0  1  0  0  0  0/1     8:34   0:00   1:59 
Sean Couturier           0  0  0  -1  0   1  0  0  0  0  6/18   19:12   0:00   1:59 

3 Stars

1 - Mark Scheifele (VIC)
2 - Mikael Granlund (VIC)
3 - Samuel Montembeault (VAN)

Power Play

VICTORIA GLADIATORS - 1 on 4 Attempt(s) - 25,00%
VANCOUVER VOODOO - 0 on 1 Attempt(s) - 0,00%

Penalty Kill

VICTORIA GLADIATORS - 1 on 1 Attempt(s) - 100,00% - Score 0 goal in Penalty Kill
VANCOUVER VOODOO - 3 on 4 Attempt(s) - 75,00% - Score 0 goal in Penalty Kill

Team Stat

VICTORIA GLADIATORS - Hits : 14 - Faceoff Wins : 39 - Blocked Shots : 11 - Penalty Minutes : 2
VANCOUVER VOODOO - Hits : 16 - Faceoff Wins : 28 - Blocked Shots : 14 - Penalty Minutes : 8

Official

Referees : Tom Chmielewski and Jean Hebert
Linesman : Travis Toomey and Brendan Lewis

Game Notes

No Game Note

Finance

Level 1 -- Attendance: 7200 (100,00%) -- Ticket Income 1 044 000 $
Level 2 -- Attendance: 5500 (100,00%) -- Ticket Income 550 000 $
Level 3 -- Attendance: 2677 (89,23%) -- Ticket Income 182 036 $
Level 4 -- Attendance: 5574 (92,90%) -- Ticket Income 267 552 $
Luxury Box -- Attendance: 1000 (100,00%) -- Ticket Income 300 000 $
Total Attendance: 21951 (96,70%)
Total Ticket Income: 2 343 588 $
Other Expense: 23 436 $
Total Income: 2 320 152 $

VICTORIA GLADIATORS

5 vs 5 Forward 
   Center                   Left Wing                Right Wing               Time % Phy DF OF 
 1 Mark Scheifele           Artemi Panarin           Mikael Granlund          36     1   2  2  
 2 Matt Duchene             Frank Vatrano            David Pastrnak           33     1   2  2  
 3 Adam Lowry               Conor Garland            Mason Appleton           24     1   2  2  
 4 Jake Evans               Daniel Sprong            Jordan Martinook         7      1   2  2  

5 vs 5 Defense 
   Defense                  Defense                                           Time % Phy DF OF 
 1 Cam Fowler               Justin Faulk                                      40     0   4  1  
 2 Jan Rutta                Niko Mikkola                                      35     0   4  1  
 3 Nick Seeler              Troy Stecher                                      25     0   4  1  
 4 Jan Rutta                Justin Faulk                                      0      0   4  1  

PowerPlay Forward 
   Center                   Left Wing                Right Wing               Time % Phy DF OF 
 1 Mark Scheifele           Artemi Panarin           Mikael Granlund          60     1   2  2  
 2 Matt Duchene             Conor Garland            Frank Vatrano            40     1   2  2  

PowerPlay Defense
   Defense                  Defense                                           Time % Phy DF OF 
 1 Cam Fowler               David Pastrnak                                    60     1   2  2  
 2 Nick Seeler              Justin Faulk                                      40     1   2  2  

Penalty Kill 4 Players Forward 
   Center                   Wing                     Time % Phy DF OF 
 1 Adam Lowry               Conor Garland            60     1   2  2  
 2 Jake Evans               Mason Appleton           40     1   2  2  

Penalty Kill 4 Players Defense
   Defense                  Defense                  Time % Phy DF OF 
 1 Jan Rutta                Niko Mikkola             60     1   2  2  
 2 Nick Seeler              Troy Stecher             40     1   2  2  

Penalty Kill - 3 Players Forward 
   Forward                                           Time % Phy DF OF 
 1 Adam Lowry                                        55     0   5  0  
 2 Jake Evans                                        45     0   5  0  

Penalty Kill - 3 Players Defense
   Defense                  Defense                  Time % Phy DF OF 
 1 Jan Rutta                Niko Mikkola             55     0   5  0  
 2 Cam Fowler               Justin Faulk             45     0   5  0  

4 vs 4 Forward 
   Center                   Wing                     Time % Phy DF OF 
 1 Mark Scheifele           Mikael Granlund          52     1   2  2  
 2 Matt Duchene             David Pastrnak           48     1   2  2  

4 vs 4 Defense
   Defense                  Defense                  Time % Phy DF OF 
 1 Nick Seeler              Troy Stecher             52     1   2  2  
 2 Cam Fowler               Justin Faulk             48     1   2  2  

Last Minutes Offensive
   Center                   Left Wing                Right Wing               Defense                  Defense                  
   Mark Scheifele           Artemi Panarin           Mikael Granlund          Cam Fowler               Justin Faulk             

Last Minutes Defensive
   Center                   Left Wing                Right Wing               Defense                  Defense                  
   Adam Lowry               Frank Vatrano            Jake Evans               Jan Rutta                Niko Mikkola             

Goaltenders
Starting : Jake Oettinger           
Backup : Charlie Lindgren         

Extra Forwards
Normal : Mikael Granlund, Artemi Panarin, David Pastrnak - PP : Adam Lowry, Conor Garland - PK : Frank Vatrano
Extra Defensemen
Normal : Nick Seeler, Troy Stecher, Niko Mikkola - PP : Jan Rutta - PK : Troy Stecher, Nick Seeler
Penalty Shots
Mikael Granlund, David Pastrnak, Mark Scheifele, Artemi Panarin, Matt Duchene
Custom OT Lines Forwards
Mikael Granlund, David Pastrnak, Mark Scheifele, Artemi Panarin, Matt Duchene, Frank Vatrano, Adam Lowry, Jake Evans, Jordan Martinook, Conor Garland
Custom OT Lines Defensemen
Cam Fowler, Justin Faulk, Jan Rutta, Niko Mikkola, Nick Seeler

Scratches
None

VANCOUVER VOODOO

5 vs 5 Forward 
   Center                   Left Wing                Right Wing               Time % Phy DF OF 
 1 Sean Couturier           Jonathan Drouin          Patrick Kane             33     1   1  3  
 2 Joshua Norris            Alex Newhook             Brock Boeser             33     1   2  2  
 3 Nick Bonino              Evander Kane             Joel Armia               22     1   3  1  
 4 Barclay Goodrow          Rafael Harvey-Pinard     Nils Hoglander           12     3   1  1  

5 vs 5 Defense 
   Defense                  Defense                                           Time % Phy DF OF 
 1 Damon Severson           Chris Tanev                                       36     1   2  2  
 2 Braden Schneider         Nicolas Hague                                     34     2   1  2  
 3 Jordan Harris            Noah Juulsen                                      30     3   1  1  
 4 Braden Schneider         Chris Tanev                                       0      1   2  2  

PowerPlay Forward 
   Center                   Left Wing                Right Wing               Time % Phy DF OF 
 1 Joshua Norris            Jonathan Drouin          Brock Boeser             53     1   1  3  
 2 Alex Newhook             Evander Kane             Patrick Kane             47     2   1  2  

PowerPlay Defense
   Defense                  Defense                                           Time % Phy DF OF 
 1 Braden Schneider         Damon Severson                                    53     1   1  3  
 2 Nils Hoglander           Jordan Harris                                     47     1   2  2  

Penalty Kill 4 Players Forward 
   Center                   Wing                     Time % Phy DF OF 
 1 Nick Bonino              Barclay Goodrow          60     1   4  0  
 2 Sean Couturier           Rafael Harvey-Pinard     40     2   2  1  

Penalty Kill 4 Players Defense
   Defense                  Defense                  Time % Phy DF OF 
 1 Nicolas Hague            Chris Tanev              53     2   3  0  
 2 Noah Juulsen             Jordan Harris            47     1   3  1  

Penalty Kill - 3 Players Forward 
   Forward                                           Time % Phy DF OF 
 1 Sean Couturier                                    55     1   4  0  
 2 Nick Bonino                                       45     2   3  0  

Penalty Kill - 3 Players Defense
   Defense                  Defense                  Time % Phy DF OF 
 1 Nicolas Hague            Chris Tanev              52     1   4  0  
 2 Noah Juulsen             Braden Schneider         48     1   3  1  

4 vs 4 Forward 
   Center                   Wing                     Time % Phy DF OF 
 1 Sean Couturier           Joel Armia               51     1   2  2  
 2 Alex Newhook             Evander Kane             49     2   1  2  

4 vs 4 Defense
   Defense                  Defense                  Time % Phy DF OF 
 1 Nicolas Hague            Jordan Harris            52     1   2  2  
 2 Braden Schneider         Chris Tanev              48     1   2  2  

Last Minutes Offensive
   Center                   Left Wing                Right Wing               Defense                  Defense                  
   Joshua Norris            Jonathan Drouin          Patrick Kane             Damon Severson           Chris Tanev              

Last Minutes Defensive
   Center                   Left Wing                Right Wing               Defense                  Defense                  
   Sean Couturier           Nick Bonino              Barclay Goodrow          Chris Tanev              Braden Schneider         

Goaltenders
Starting : Samuel Montembeault      
Backup : Filip Gustavsson         

Extra Forwards
Normal : Sean Couturier, Joshua Norris, Jonathan Drouin - PP : Evander Kane, Sean Couturier - PK : Joshua Norris
Extra Defensemen
Normal : Nicolas Hague, Chris Tanev, Jordan Harris - PP : Braden Schneider - PK : Jordan Harris, Damon Severson
Penalty Shots
Brock Boeser, Patrick Kane, Sean Couturier, Jonathan Drouin, Joshua Norris
Custom OT Lines Forwards
Patrick Kane, Sean Couturier, Joshua Norris, Brock Boeser, Jonathan Drouin, Evander Kane, Alex Newhook, Barclay Goodrow, Joel Armia, Nick Bonino
Custom OT Lines Defensemen
Chris Tanev, Damon Severson, Nicolas Hague, Jordan Harris, Braden Schneider

Scratches
Jack McBain (Healthy), Kirby Dach (Healthy), Simon Nemec (Sprained Right Knee Injury)

% Time on Ice - VICTORIA GLADIATORS

Lines # - Real PCT - Wanted PCT - Time Play
Normal Forward
1 - 35% - 36% - 17:24
2 - 32% - 33% - 15:46
3 - 22% - 24% - 10:46
4 - 12% - 7% - 5:54
Normal Defense
1 - 39% - 40% - 19:13
2 - 34% - 35% - 16:52
3 - 28% - 25% - 13:45
4 - 0% - 0% - 0:00
PP Forward
1 - 62% - 60% - 4:32
2 - 38% - 40% - 2:48
PP Defense
1 - 53% - 60% - 3:54
2 - 47% - 40% - 3:26
PK Forward
1 - 61% - 60% - 1:12
2 - 39% - 40% - 0:47
PK Defense
1 - 58% - 60% - 1:09
2 - 42% - 40% - 0:50
PK3 Forward
1 - 0% - 55%
2 - 0% - 45%
PK3 Defense
1 - 0% - 55%
2 - 0% - 45%
44 Forward
1 - 0% - 52%
2 - 0% - 48%
44 Defense
1 - 0% - 52%
2 - 0% - 48%
Last Minute Offensive  - 0:00
Last Minute Defensive  - 0:51
Total
Forward - 60:00
Defense - 60:00

% Time on Ice - VANCOUVER VOODOO

Lines # - Real PCT - Wanted PCT - Time Play
Normal Forward
1 - 35% - 33% - 17:13
2 - 31% - 33% - 15:36
3 - 21% - 22% - 10:18
4 - 13% - 12% - 6:35
Normal Defense
1 - 34% - 36% - 16:41
2 - 32% - 34% - 15:44
3 - 30% - 30% - 15:09
4 - 4% - 0% - 2:08
PP Forward
1 - 61% - 53% - 1:13
2 - 39% - 47% - 0:46
PP Defense
1 - 61% - 53% - 1:13
2 - 39% - 47% - 0:46
PK Forward
1 - 73% - 60% - 5:21
2 - 27% - 40% - 1:59
PK Defense
1 - 65% - 53% - 4:48
2 - 35% - 47% - 2:32
PK3 Forward
1 - 0% - 55%
2 - 0% - 45%
PK3 Defense
1 - 0% - 52%
2 - 0% - 48%
44 Forward
1 - 0% - 51%
2 - 0% - 49%
44 Defense
1 - 0% - 52%
2 - 0% - 48%
Last Minute Offensive  - 0:59
Last Minute Defensive  - 0:00
Total
Forward - 60:00
Defense - 60:00

Play-by-Play

1st period


0:01 of 1st period - Mark Scheifele wins face-off versus Sean Couturier in neutral zone.
0:04 of 1st period - Shot by Mikael Granlund.
0:04 of 1st period - Shot Misses the Net.
0:38 of 1st period - Jonathan Drouin is hit by Cam Fowler and loses puck.
1:25 of 1st period - Shot by Brock Boeser.
1:25 of 1st period - Shot Misses the Net.
1:59 of 1st period - Frank Vatrano is hit by Joshua Norris and loses puck.
2:56 of 1st period - Icing by Jordan Harris.
2:57 of 1st period - Jake Evans wins face-off versus Nick Bonino in VANCOUVER VOODOO zone.
3:20 of 1st period - Off-side.
3:21 of 1st period - Barclay Goodrow wins face-off versus Artemi Panarin in neutral zone.
3:32 of 1st period - Shot by Nils Hoglander.
3:32 of 1st period - Stopped by Jake Oettinger without a rebound.
3:33 of 1st period - Joshua Norris wins face-off versus Conor Garland in VICTORIA GLADIATORS zone.
3:38 of 1st period - Shot by Brock Boeser.
3:38 of 1st period - Stopped by Jake Oettinger with a rebound.
3:54 of 1st period - Joshua Norris is hit by Mason Appleton and loses puck.
4:42 of 1st period - Mikael Granlund is hit by Braden Schneider and loses puck.
4:45 of 1st period - Shot by Mikael Granlund.
4:45 of 1st period - Stopped by Samuel Montembeault without a rebound.
4:46 of 1st period - Matt Duchene wins face-off versus Sean Couturier in VANCOUVER VOODOO zone.
4:46 of 1st period - Frank Vatrano is hit by Chris Tanev and loses puck.
4:50 of 1st period - Icing by Damon Severson.
4:51 of 1st period - Matt Duchene wins face-off versus Sean Couturier in VANCOUVER VOODOO zone.
4:56 of 1st period - Shot by David Pastrnak.
4:56 of 1st period - Shot Blocked by Damon Severson.
4:58 of 1st period - Shot by Matt Duchene.
4:58 of 1st period - Shot Misses the Net.
5:03 of 1st period - Icing by Chris Tanev.
5:04 of 1st period - Mark Scheifele wins face-off versus Jonathan Drouin in VANCOUVER VOODOO zone.
5:04 of 1st period - Mark Scheifele is hit by Chris Tanev.
5:08 of 1st period - Shot by Artemi Panarin.
5:08 of 1st period - Shot Misses the Net.
5:19 of 1st period - Off-side.
5:20 of 1st period - Barclay Goodrow wins face-off versus David Pastrnak in neutral zone.
5:50 of 1st period - David Pastrnak is hit by Noah Juulsen and loses puck.
6:25 of 1st period - Shot by Mikael Granlund.
6:25 of 1st period - Shot Misses the Net.
6:51 of 1st period - Sean Couturier is hit by Mikael Granlund and loses puck.
7:07 of 1st period - Icing by Sean Couturier.
7:08 of 1st period - Sean Couturier wins face-off versus Adam Lowry in VANCOUVER VOODOO zone.
7:42 of 1st period - Shot by Mason Appleton.
7:42 of 1st period - Shot Blocked by Nick Bonino.
8:08 of 1st period - Shot by Evander Kane.
8:08 of 1st period - Shot Blocked by Jan Rutta.
8:10 of 1st period - Shot by Joel Armia.
8:10 of 1st period - Shot Misses the Net.
8:21 of 1st period - Matt Duchene is hit by Joshua Norris and loses puck.
8:28 of 1st period - Shot by Brock Boeser.
8:28 of 1st period - Shot Blocked by Jan Rutta.
8:34 of 1st period - Shot by David Pastrnak.
8:34 of 1st period - Shot Misses the Net.
8:55 of 1st period - Shot by Brock Boeser.
8:55 of 1st period - Stopped by Jake Oettinger with a rebound.
9:10 of 1st period - Icing by Jordan Harris.
9:11 of 1st period - Mark Scheifele wins face-off versus Joshua Norris in VANCOUVER VOODOO zone.
9:26 of 1st period - Shot by Mark Scheifele.
9:26 of 1st period - Stopped by Samuel Montembeault with a rebound.
9:49 of 1st period - Minor Penalty to Noah Juulsen for Roughing.
9:50 of 1st period - Nick Bonino wins face-off versus Matt Duchene in VANCOUVER VOODOO zone.
10:01 of 1st period - Shot by Frank Vatrano.
10:01 of 1st period - Shot Misses the Net.
11:58 of 1st period - Shot by Jordan Martinook.
11:58 of 1st period - Shot Misses the Net.
12:00 of 1st period - Shot by Jordan Martinook.
12:00 of 1st period - Shot Misses the Net.
12:16 of 1st period - Shot by Jake Evans.
12:16 of 1st period - Shot Misses the Net.
12:18 of 1st period - Shot by Niko Mikkola.
12:18 of 1st period - Shot Blocked by Jonathan Drouin.
12:52 of 1st period - Shot by Mason Appleton.
12:52 of 1st period - Shot Misses the Net.
14:10 of 1st period - Icing by Damon Severson.
14:11 of 1st period - Joshua Norris wins face-off versus Mark Scheifele in VANCOUVER VOODOO zone.
14:18 of 1st period - Shot by Mikael Granlund.
14:18 of 1st period - Stopped by Samuel Montembeault without a rebound.
14:19 of 1st period - Mark Scheifele wins face-off versus Nick Bonino in VANCOUVER VOODOO zone.
14:50 of 1st period - Shot by Nick Bonino.
14:50 of 1st period - Shot Blocked by Niko Mikkola.
14:52 of 1st period - Shot by Nick Bonino.
14:52 of 1st period - Goal by Nick Bonino - VICTORIA GLADIATORS : 0 - VANCOUVER VOODOO : 1.
14:53 of 1st period - Adam Lowry wins face-off versus Sean Couturier in neutral zone.
15:26 of 1st period - Icing by Sean Couturier.
15:27 of 1st period - Mark Scheifele wins face-off versus Sean Couturier in VANCOUVER VOODOO zone.
15:46 of 1st period - Shot by Sean Couturier.
15:46 of 1st period - Stopped by Jake Oettinger with a rebound.
16:02 of 1st period - Jordan Harris is hit by Mark Scheifele and loses puck.
16:43 of 1st period - Shot by Frank Vatrano.
16:43 of 1st period - Stopped by Samuel Montembeault without a rebound.
16:44 of 1st period - Nick Bonino wins face-off versus Adam Lowry in VANCOUVER VOODOO zone.
17:16 of 1st period - Minor Penalty to Evander Kane for Roughing.
17:17 of 1st period - Mark Scheifele wins face-off versus Nick Bonino in VANCOUVER VOODOO zone.
17:38 of 1st period - Shot by David Pastrnak.
17:38 of 1st period - Stopped by Samuel Montembeault without a rebound.
17:39 of 1st period - Nick Bonino wins face-off versus Matt Duchene in VANCOUVER VOODOO zone.
18:04 of 1st period - Shot by Justin Faulk.
18:04 of 1st period - Stopped by Samuel Montembeault without a rebound.
18:05 of 1st period - Mark Scheifele wins face-off versus Rafael Harvey-Pinard in VANCOUVER VOODOO zone.
18:39 of 1st period - Shot by Mark Scheifele.
18:39 of 1st period - Goal by Mark Scheifele - VICTORIA GLADIATORS : 1 - VANCOUVER VOODOO : 1.
18:40 of 1st period - Adam Lowry wins face-off versus Joshua Norris in neutral zone.
18:46 of 1st period - Icing by Braden Schneider.
18:47 of 1st period - Joshua Norris wins face-off versus Mason Appleton in VANCOUVER VOODOO zone.
19:10 of 1st period - Shot by Joshua Norris.
19:10 of 1st period - Shot Misses the Net.
19:18 of 1st period - Shot by Brock Boeser.
19:18 of 1st period - Shot Misses the Net.
Goals for this period are 1 for VICTORIA GLADIATORS vs 1 for VANCOUVER VOODOO.
Shots for this period are 7 for VICTORIA GLADIATORS vs 5 for VANCOUVER VOODOO.

2nd period


0:01 of 2nd period - Nick Bonino wins face-off versus Matt Duchene in neutral zone.
0:16 of 2nd period - Shot by Frank Vatrano.
0:16 of 2nd period - Shot Misses the Net.
1:08 of 2nd period - Shot by Barclay Goodrow.
1:08 of 2nd period - Stopped by Jake Oettinger with a rebound.
1:20 of 2nd period - Shot by Mikael Granlund.
1:20 of 2nd period - Shot Misses the Net.
1:22 of 2nd period - Shot by Artemi Panarin.
1:22 of 2nd period - Deflect By Mikael Granlund.
1:22 of 2nd period - Shot Misses the Net.
1:24 of 2nd period - Shot by Mikael Granlund.
1:24 of 2nd period - Stopped by Samuel Montembeault without a rebound.
1:25 of 2nd period - Jake Evans wins face-off versus Sean Couturier in VANCOUVER VOODOO zone.
1:33 of 2nd period - Icing by Jordan Harris.
1:34 of 2nd period - Mark Scheifele wins face-off versus Patrick Kane in VANCOUVER VOODOO zone.
1:43 of 2nd period - Shot by Artemi Panarin.
1:43 of 2nd period - Stopped by Samuel Montembeault with a rebound.
2:08 of 2nd period - Shot by Sean Couturier.
2:08 of 2nd period - Shot Blocked by Artemi Panarin.
2:10 of 2nd period - Shot by Jonathan Drouin.
2:10 of 2nd period - Shot Blocked by Jan Rutta.
2:12 of 2nd period - Shot by Sean Couturier.
2:12 of 2nd period - Shot Misses the Net.
2:14 of 2nd period - Shot by Patrick Kane.
2:14 of 2nd period - Shot Blocked by Mikael Granlund.
2:16 of 2nd period - Shot by Noah Juulsen.
2:16 of 2nd period - Shot Blocked by Niko Mikkola.
3:00 of 2nd period - Icing by Nicolas Hague.
3:01 of 2nd period - Nick Bonino wins face-off versus Mason Appleton in VANCOUVER VOODOO zone.
3:24 of 2nd period - Shot by Conor Garland.
3:24 of 2nd period - Shot Misses the Net.
3:26 of 2nd period - Shot by Troy Stecher.
3:26 of 2nd period - Shot Blocked by Braden Schneider.
3:41 of 2nd period - Shot by Mason Appleton.
3:41 of 2nd period - Shot Misses the Net.
4:02 of 2nd period - Frank Vatrano is hit by Braden Schneider and loses puck.
4:09 of 2nd period - Shot by David Pastrnak.
4:09 of 2nd period - Shot Misses the Net.
4:23 of 2nd period - Shot by Frank Vatrano.
4:23 of 2nd period - Shot Blocked by Joel Armia.
4:29 of 2nd period - Shot by Frank Vatrano.
4:29 of 2nd period - Shot Misses the Net.
4:31 of 2nd period - Shot by Frank Vatrano.
4:31 of 2nd period - Stopped by Samuel Montembeault without a rebound.
4:32 of 2nd period - Joshua Norris wins face-off versus Mark Scheifele in VANCOUVER VOODOO zone.
4:32 of 2nd period - Joshua Norris is hit by Mark Scheifele.
4:40 of 2nd period - Shot by Joshua Norris.
4:40 of 2nd period - Stopped by Jake Oettinger with a rebound.
5:26 of 2nd period - Icing by Damon Severson.
5:27 of 2nd period - Brock Boeser wins face-off versus Matt Duchene in VANCOUVER VOODOO zone.
5:27 of 2nd period - Joshua Norris is hit by Frank Vatrano and loses puck.
7:53 of 2nd period - Shot by Artemi Panarin.
7:53 of 2nd period - Shot Misses the Net.
7:55 of 2nd period - Shot by Niko Mikkola.
7:55 of 2nd period - Stopped by Samuel Montembeault without a rebound.
7:56 of 2nd period - Daniel Sprong wins face-off versus Sean Couturier in VANCOUVER VOODOO zone.
8:14 of 2nd period - Sean Couturier is hit by Jake Evans and loses puck.
8:22 of 2nd period - Patrick Kane is hit by Justin Faulk and loses puck.
9:54 of 2nd period - Shot by David Pastrnak.
9:54 of 2nd period - Stopped by Samuel Montembeault without a rebound.
9:55 of 2nd period - Barclay Goodrow wins face-off versus Matt Duchene in VANCOUVER VOODOO zone.
9:55 of 2nd period - Barclay Goodrow is hit by Matt Duchene.
10:26 of 2nd period - Barclay Goodrow is hit by Niko Mikkola and loses puck.
11:03 of 2nd period - Shot by Adam Lowry.
11:03 of 2nd period - Shot Misses the Net.
11:13 of 2nd period - Shot by Mason Appleton.
11:13 of 2nd period - Stopped by Samuel Montembeault without a rebound.
11:14 of 2nd period - Mark Scheifele wins face-off versus Joshua Norris in VANCOUVER VOODOO zone.
11:15 of 2nd period - Shot by Mikael Granlund.
11:15 of 2nd period - Shot Misses the Net.
11:17 of 2nd period - Shot by Artemi Panarin.
11:17 of 2nd period - Shot Misses the Net.
11:19 of 2nd period - Shot by Troy Stecher.
11:19 of 2nd period - Shot Misses the Net.
11:25 of 2nd period - Shot by Mark Scheifele.
11:25 of 2nd period - Shot Misses the Net.
11:27 of 2nd period - Shot by Mikael Granlund.
11:27 of 2nd period - Stopped by Samuel Montembeault with a rebound.
11:29 of 2nd period - Shot by Mark Scheifele.
11:29 of 2nd period - Stopped by Samuel Montembeault with a rebound.
11:31 of 2nd period - Shot by Artemi Panarin.
11:31 of 2nd period - Stopped by Samuel Montembeault without a rebound.
11:32 of 2nd period - Sean Couturier wins face-off versus Jake Evans in VANCOUVER VOODOO zone.
11:59 of 2nd period - Shot by Jonathan Drouin.
11:59 of 2nd period - Shot Misses the Net.
12:01 of 2nd period - Shot by Jonathan Drouin.
12:01 of 2nd period - Stopped by Jake Oettinger without a rebound.
12:02 of 2nd period - Joshua Norris wins face-off versus Mark Scheifele in VICTORIA GLADIATORS zone.
12:11 of 2nd period - Shot by Joshua Norris.
12:11 of 2nd period - Shot Misses the Net.
13:18 of 2nd period - Shot by Matt Duchene.
13:18 of 2nd period - Stopped by Samuel Montembeault without a rebound.
13:19 of 2nd period - Adam Lowry wins face-off versus Evander Kane in VANCOUVER VOODOO zone.
13:30 of 2nd period - Shot by Adam Lowry.
13:30 of 2nd period - Stopped by Samuel Montembeault with a rebound.
13:32 of 2nd period - Shot by Adam Lowry.
13:32 of 2nd period - Shot Misses the Net.
15:18 of 2nd period - Shot by Artemi Panarin.
15:18 of 2nd period - Deflect By Mark Scheifele.
15:18 of 2nd period - Stopped by Samuel Montembeault without a rebound.
15:19 of 2nd period - Jake Evans wins face-off versus Barclay Goodrow in VANCOUVER VOODOO zone.
15:23 of 2nd period - Jake Evans is hit by Damon Severson and loses puck.
16:05 of 2nd period - Shot by Brock Boeser.
16:05 of 2nd period - Shot Misses the Net.
16:22 of 2nd period - Icing by Troy Stecher.
16:23 of 2nd period - Sean Couturier wins face-off versus Jake Evans in VICTORIA GLADIATORS zone.
16:41 of 2nd period - Icing by Nick Seeler.
16:42 of 2nd period - Jake Evans wins face-off versus Joshua Norris in VICTORIA GLADIATORS zone.
16:42 of 2nd period - Jake Evans is hit by Brock Boeser.
16:48 of 2nd period - Brock Boeser is hit by Jake Evans and loses puck.
17:07 of 2nd period - Shot by Mark Scheifele.
17:07 of 2nd period - Shot Misses the Net.
17:13 of 2nd period - Shot by Artemi Panarin.
17:13 of 2nd period - Shot Blocked by Noah Juulsen.
17:15 of 2nd period - Shot by Mikael Granlund.
17:15 of 2nd period - Shot Misses the Net.
17:17 of 2nd period - Shot by Mark Scheifele.
17:17 of 2nd period - Shot Blocked by Noah Juulsen.
17:19 of 2nd period - Shot by Mikael Granlund.
17:19 of 2nd period - Stopped by Samuel Montembeault without a rebound.
17:20 of 2nd period - Matt Duchene wins face-off versus Sean Couturier in VANCOUVER VOODOO zone.
18:15 of 2nd period - Icing by Chris Tanev.
18:16 of 2nd period - Mark Scheifele wins face-off versus Sean Couturier in VANCOUVER VOODOO zone.
19:05 of 2nd period - Shot by Brock Boeser.
19:05 of 2nd period - Shot Misses the Net.
19:07 of 2nd period - Shot by Brock Boeser.
19:07 of 2nd period - Stopped by Jake Oettinger without a rebound.
19:08 of 2nd period - Nick Bonino wins face-off versus Adam Lowry in VICTORIA GLADIATORS zone.
19:21 of 2nd period - Shot by Conor Garland.
19:21 of 2nd period - Shot Blocked by Nick Bonino.
19:25 of 2nd period - Shot by Mason Appleton.
19:25 of 2nd period - Stopped by Samuel Montembeault without a rebound.
19:26 of 2nd period - Barclay Goodrow wins face-off versus Matt Duchene in VANCOUVER VOODOO zone.
19:48 of 2nd period - Shot by David Pastrnak.
19:48 of 2nd period - Stopped by Samuel Montembeault without a rebound.
19:49 of 2nd period - Mark Scheifele wins face-off versus Joshua Norris in VANCOUVER VOODOO zone.
Goals for this period are 0 for VICTORIA GLADIATORS vs 0 for VANCOUVER VOODOO.
Shots for this period are 15 for VICTORIA GLADIATORS vs 4 for VANCOUVER VOODOO.

3rd period


0:01 of 3rd period - Joshua Norris wins face-off versus Mark Scheifele in neutral zone.
0:13 of 3rd period - Shot by Alex Newhook.
0:13 of 3rd period - Shot Blocked by Cam Fowler.
0:15 of 3rd period - Shot by Alex Newhook.
0:15 of 3rd period - Stopped by Jake Oettinger without a rebound.
0:16 of 3rd period - Matt Duchene wins face-off versus Sean Couturier in VICTORIA GLADIATORS zone.
0:58 of 3rd period - Icing by Frank Vatrano.
0:59 of 3rd period - Matt Duchene wins face-off versus Brock Boeser in VICTORIA GLADIATORS zone.
0:59 of 3rd period - Matt Duchene is hit by Brock Boeser.
1:05 of 3rd period - Shot by David Pastrnak.
1:05 of 3rd period - Stopped by Samuel Montembeault without a rebound.
1:06 of 3rd period - Joshua Norris wins face-off versus Mark Scheifele in VANCOUVER VOODOO zone.
1:35 of 3rd period - Shot by Artemi Panarin.
1:35 of 3rd period - Stopped by Samuel Montembeault without a rebound.
1:36 of 3rd period - Adam Lowry wins face-off versus Sean Couturier in VANCOUVER VOODOO zone.
1:50 of 3rd period - Jonathan Drouin is hit by Nick Seeler.
1:56 of 3rd period - Shot by Patrick Kane.
1:56 of 3rd period - Shot Blocked by Troy Stecher.
2:07 of 3rd period - Shot by Jonathan Drouin.
2:07 of 3rd period - Shot Misses the Net.
2:09 of 3rd period - Shot by Jonathan Drouin.
2:09 of 3rd period - Stopped by Jake Oettinger without a rebound.
2:09 of 3rd period - Minor Penalty to Troy Stecher for Hooking.
2:10 of 3rd period - Adam Lowry wins face-off versus Joshua Norris in VICTORIA GLADIATORS zone.
2:31 of 3rd period - Shot by Brock Boeser.
2:31 of 3rd period - Deflect By Jonathan Drouin.
2:31 of 3rd period - Stopped by Jake Oettinger without a rebound.
2:32 of 3rd period - Alex Newhook wins face-off versus Adam Lowry in VICTORIA GLADIATORS zone.
2:37 of 3rd period - Shot by Patrick Kane.
2:37 of 3rd period - Shot Misses the Net.
3:02 of 3rd period - Patrick Kane is hit by Nick Seeler and loses puck.
3:31 of 3rd period - Shot by Joshua Norris.
3:31 of 3rd period - Stopped by Jake Oettinger with a rebound.
3:33 of 3rd period - Shot by Joshua Norris.
3:33 of 3rd period - Shot Blocked by Niko Mikkola.
3:35 of 3rd period - Shot by Braden Schneider.
3:35 of 3rd period - Stopped by Jake Oettinger without a rebound.
3:36 of 3rd period - Jake Evans wins face-off versus Joshua Norris in VICTORIA GLADIATORS zone.
4:11 of 3rd period - Shot by Jonathan Drouin.
4:11 of 3rd period - Shot Misses the Net.
4:15 of 3rd period - Shot by Nick Bonino.
4:15 of 3rd period - Shot Misses the Net.
4:21 of 3rd period - Shot by Evander Kane.
4:21 of 3rd period - Shot Blocked by Cam Fowler.
4:23 of 3rd period - Shot by Noah Juulsen.
4:23 of 3rd period - Stopped by Jake Oettinger without a rebound.
4:24 of 3rd period - Matt Duchene wins face-off versus Barclay Goodrow in VICTORIA GLADIATORS zone.
4:24 of 3rd period - David Pastrnak is hit by Barclay Goodrow and loses puck.
4:53 of 3rd period - Minor Penalty to Barclay Goodrow for Slashing.
4:54 of 3rd period - Mark Scheifele wins face-off versus Nick Bonino in VANCOUVER VOODOO zone.
5:50 of 3rd period - Shot by David Pastrnak.
5:50 of 3rd period - Stopped by Samuel Montembeault without a rebound.
5:51 of 3rd period - Matt Duchene wins face-off versus Joshua Norris in VANCOUVER VOODOO zone.
6:16 of 3rd period - Shot by Matt Duchene.
6:16 of 3rd period - Deflect By Frank Vatrano.
6:16 of 3rd period - Shot Misses the Net.
6:18 of 3rd period - Shot by Cam Fowler.
6:18 of 3rd period - Shot Blocked by Chris Tanev.
6:20 of 3rd period - Shot by Matt Duchene.
6:20 of 3rd period - Stopped by Samuel Montembeault without a rebound.
6:21 of 3rd period - Nick Bonino wins face-off versus Mark Scheifele in VANCOUVER VOODOO zone.
6:38 of 3rd period - Shot by Mikael Granlund.
6:38 of 3rd period - Shot Blocked by Noah Juulsen.
6:40 of 3rd period - Shot by Mark Scheifele.
6:40 of 3rd period - Stopped by Samuel Montembeault without a rebound.
6:41 of 3rd period - Matt Duchene wins face-off versus Nick Bonino in VANCOUVER VOODOO zone.
7:54 of 3rd period - Shot by Mikael Granlund.
7:54 of 3rd period - Shot Misses the Net.
7:56 of 3rd period - Shot by Nick Seeler.
7:56 of 3rd period - Stopped by Samuel Montembeault with a rebound.
8:22 of 3rd period - Shot by Mikael Granlund.
8:22 of 3rd period - Shot Misses the Net.
8:24 of 3rd period - Shot by Mikael Granlund.
8:24 of 3rd period - Goal by Mikael Granlund - VICTORIA GLADIATORS : 2 - VANCOUVER VOODOO : 1.
8:25 of 3rd period - Matt Duchene wins face-off versus Brock Boeser in neutral zone.
8:25 of 3rd period - Frank Vatrano is hit by Brock Boeser.
8:30 of 3rd period - David Pastrnak is hit by Damon Severson and loses puck.
9:01 of 3rd period - Shot by Frank Vatrano.
9:01 of 3rd period - Shot Blocked by Damon Severson.
9:18 of 3rd period - Icing by Cam Fowler.
9:19 of 3rd period - Matt Duchene wins face-off versus Nick Bonino in VICTORIA GLADIATORS zone.
9:42 of 3rd period - Shot by Artemi Panarin.
9:42 of 3rd period - Stopped by Samuel Montembeault without a rebound.
9:43 of 3rd period - Mark Scheifele wins face-off versus Barclay Goodrow in VANCOUVER VOODOO zone.
9:51 of 3rd period - Minor Penalty to Nils Hoglander for Tripping.
9:52 of 3rd period - Mark Scheifele wins face-off versus Nick Bonino in VANCOUVER VOODOO zone.
9:59 of 3rd period - Shot by Mikael Granlund.
9:59 of 3rd period - Shot Misses the Net.
10:01 of 3rd period - Shot by Mikael Granlund.
10:01 of 3rd period - Shot Misses the Net.
10:03 of 3rd period - Shot by Mark Scheifele.
10:03 of 3rd period - Shot Blocked by Jordan Harris.
10:31 of 3rd period - Shot by Mikael Granlund.
10:31 of 3rd period - Stopped by Samuel Montembeault without a rebound.
10:32 of 3rd period - Sean Couturier wins face-off versus Frank Vatrano in VANCOUVER VOODOO zone.
10:45 of 3rd period - Shot by David Pastrnak.
10:45 of 3rd period - Stopped by Samuel Montembeault without a rebound.
10:46 of 3rd period - Matt Duchene wins face-off versus Nick Bonino in VANCOUVER VOODOO zone.
10:53 of 3rd period - Shot by David Pastrnak.
10:53 of 3rd period - Shot Misses the Net.
10:55 of 3rd period - Shot by Cam Fowler.
10:55 of 3rd period - Shot Blocked by Nicolas Hague.
11:01 of 3rd period - Shot by Frank Vatrano.
11:01 of 3rd period - Shot Misses the Net.
11:03 of 3rd period - Shot by Frank Vatrano.
11:03 of 3rd period - Stopped by Samuel Montembeault with a rebound.
11:13 of 3rd period - Shot by David Pastrnak.
11:13 of 3rd period - Stopped by Samuel Montembeault with a rebound.
11:15 of 3rd period - Shot by Cam Fowler.
11:15 of 3rd period - Stopped by Samuel Montembeault without a rebound.
11:16 of 3rd period - Sean Couturier wins face-off versus Artemi Panarin in VANCOUVER VOODOO zone.
11:21 of 3rd period - Mark Scheifele is hit by Rafael Harvey-Pinard and loses puck.
12:23 of 3rd period - Shot by Jake Evans.
12:23 of 3rd period - Stopped by Samuel Montembeault without a rebound.
12:24 of 3rd period - Sean Couturier wins face-off versus Adam Lowry in VANCOUVER VOODOO zone.
12:24 of 3rd period - Jonathan Drouin is hit by Adam Lowry and loses puck.
12:32 of 3rd period - Off-side.
12:33 of 3rd period - Mark Scheifele wins face-off versus Sean Couturier in neutral zone.
12:35 of 3rd period - Artemi Panarin is hit by Braden Schneider and loses puck.
15:02 of 3rd period - Icing by Jan Rutta.
15:03 of 3rd period - Nick Bonino wins face-off versus Adam Lowry in VICTORIA GLADIATORS zone.
15:30 of 3rd period - Shot by Justin Faulk.
15:30 of 3rd period - Shot Misses the Net.
15:32 of 3rd period - Shot by Justin Faulk.
15:32 of 3rd period - Shot Blocked by Jordan Harris.
15:36 of 3rd period - Shot by Matt Duchene.
15:36 of 3rd period - Stopped by Samuel Montembeault without a rebound.
15:37 of 3rd period - Artemi Panarin wins face-off versus Barclay Goodrow in VANCOUVER VOODOO zone.
15:54 of 3rd period - Shot by Barclay Goodrow.
15:54 of 3rd period - Stopped by Jake Oettinger with a rebound.
16:41 of 3rd period - Matt Duchene is hit by Noah Juulsen and loses puck.
16:54 of 3rd period - Shot by David Pastrnak.
16:54 of 3rd period - Shot Misses the Net.
17:10 of 3rd period - Icing by Justin Faulk.
17:11 of 3rd period - Nick Bonino wins face-off versus Matt Duchene in VICTORIA GLADIATORS zone.
18:30 of 3rd period - VANCOUVER VOODOO, Samuel Montembeault is pulled from the net.
19:54 of 3rd period - Shot by Barclay Goodrow.
19:54 of 3rd period - Stopped by Jake Oettinger without a rebound.
19:55 of 3rd period - Adam Lowry wins face-off versus Joshua Norris in VICTORIA GLADIATORS zone.
Goals for this period are 1 for VICTORIA GLADIATORS vs 0 for VANCOUVER VOODOO.
Shots for this period are 15 for VICTORIA GLADIATORS vs 8 for VANCOUVER VOODOO.


MATTHEW
TKACHUK
TOM
WILSON
JAKE
GUENTZEL